 Dungeon Crawl Stone Soup version 0.19-a0-1126-g0490cf6 (webtiles) character file.

77 OgreMcGee the Chopper (level 4, -3/39 HPs)
             Began as a Hill Orc Fighter on Aug 12, 2016.
             Was an Elder of Uskayaw.
             Slain by Robin
             ... wielding a +0 spear
              (5 damage)
             ... on level 3 of the Dungeon.
             The game lasted 00:03:14 (2218 turns).

OgreMcGee the Chopper (Hill Orc Fighter)            Turns: 2218, Time: 00:03:15

Health: -3/39      AC:  8    Str: 19    XL:     4   Next: 33%
Magic:  5/5        EV:  9    Int:  8    God:    Uskayaw [****..]
Gold:   47         SH:  0    Dex: 10    Spells: 0 memorised, 3 levels left

rFire  . . .     SeeInvis .     a - +0 war axe
rCold  . . .     Gourm    .     b - +0 scale mail
rNeg   . . .     Faith    .     (no shield)
rPois  .         Spirit   .     (no helmet)
rElec  .         Dismiss  .     (no cloak)
rCorr  .         Reflect  .     m - +0 pair of gloves
SustAt .         Harm     .     (no boots)
MR     .....                    (no amulet)
Stlth  ..........               (no ring)
                                (no ring)

@:
A: no striking features
a: Stomp, Line Pass, Renounce Religion


You were on level 3 of the Dungeon.
You worshipped Uskayaw.
Uskayaw was noncommittal.
You were not hungry.

You visited 1 branch of the dungeon, and saw 3 of its levels.

You collected 47 gold pieces.

Inventory:

Hand Weapons
 a - a +0 war axe (weapon)
Armour
 b - a +0 scale mail (worn)
 c - a +0 shield
 m - a +0 pair of gloves (worn)
Jewellery
 e - an uncursed ring of resist corrosion {unknown}
Scrolls
 g - a scroll of fear {unknown}
 j - 2 scrolls of identify {unknown}
 l - 2 scrolls of amnesia {unknown}
 n - a scroll of immolation {unknown}
 p - a scroll of remove curse {unknown}
 q - a scroll of enchant armour {unknown}
Potions
 d - a potion of might
 i - a potion of heal wounds {unknown}
 o - a potion of flight {unknown}
Comestibles
 f - a bread ration
 h - a royal jelly
 k - 2 chunks of flesh


   Skills:
 - Level 3.6 Fighting
 + Level 5.5 Axes
 - Level 3.2 Armour
 - Level 3.2 Shields
 + Level 1.5 Invocations


You had 3 spell levels left.
You didn't know any spells.

Dungeon Overview and Level Annotations

Branches:
Dungeon (3/15)

Altars:
Uskayaw

Annotations:
D:3 Robin


Message History

Robin barely misses you.
Uskayaw prepares the audience for your solo!
Unknown command.
The helpless Robin fails to defend herself.
You hit Robin.
Robin is heavily wounded.
Robin is no longer paralysed.
Robin hits you with a spear.
* * * LOW HITPOINT WARNING * * *
Uskayaw will force your foes to share their pain.
Unknown command.
You hit Robin.
Robin is heavily wounded.
Robin hits you with a spear.
* * * LOW HITPOINT WARNING * * *
Unknown command.
Unknown command.
You hit Robin but do no damage.
Robin is heavily wounded.
Robin hits you but does no damage. Robin hits you with a spear.
You die...

### ....
.........
..#.......
#.#.... % ##
#.#... . ....
#.#.##.#
.....##.†..#.###
.).<...<).......
.......)@...###
.....####g#.####.
........).)......
.......##)†....##
...... #......+ .
... #......# ##
#......#
.........
.........


You could see Robin.

Vanquished Creatures
  2 adders
  A worm (D:2)
  3 giant geckos (D:1)
  2 giant cockroaches
  12 goblins
  8 hobgoblins
  7 kobolds
  6 bats
  3 giant newts
  4 rats
48 creatures vanquished.

Notes
Turn   | Place    | Note
-------+----------+-------------------------------------------
     0 | D:1      | OgreMcGee the Hill Orc Fighter began the quest for the Orb.
     0 | D:1      | Reached XP level 1. HP: 19/19 MP: 1/1
    59 | D:1      | Reached skill level 3 in Axes
    70 | D:1      | Reached XP level 2. HP: 6/26 MP: 2/2
   397 | D:1      | Reached skill level 4 in Axes
   644 | D:1      | Reached XP level 3. HP: 25/31 MP: 3/3
  1264 | D:1      | Reached skill level 5 in Axes
  1721 | D:2      | Found a hide-covered altar of Uskayaw.
  1764 | D:2      | Became a worshipper of Uskayaw the Reveler
  1882 | D:2      | Reached * piety under Uskayaw
  2118 | D:2      | Reached skill level 1 in Invocations
  2118 | D:2      | Reached XP level 4. HP: 38/39 MP: 4/4
  2118 | D:2      | Reached ** piety under Uskayaw
  2198 | D:3      | Noticed Robin
  2209 | D:3      | Reached *** piety under Uskayaw
  2216 | D:3      | Reached **** piety under Uskayaw
  2218 | D:3      | Slain by Robin

Vault maps used:
D:1:      dpeg_arrival_stonehenge_12_columns, lemuel_flame_loot_1
D:2:      overflow_temple_1_default
D:3:      uniq_robin, uniq_grinder

Skill      XL: |  1  2  3 |
---------------+----------+-----
Axes           | 3 4 5 |  5.5
Invocations    | 1 |  1.5
Fighting       | |  3.6
Armour         | |  3.2
Shields        | |  3.2

Action                   |  1- 3 |  4- 6 || total
-------------------------+-------+-------++-------
Melee: War axe           |   133 |    18 ||   151
 Stab: Paralysed         |       |     2 ||     2
  Eat: Chunk             |     4 |       ||     4
Armor: Scale mail        |    91 |    18 ||   109
Dodge: Dodged            |   103 |    10 ||   113
